 Dungeon Crawl Stone Soup version v3.33-hellcrawl-87-gc32ded8 (webtiles) character file.

1794 wearedevo the Basher (level 10, -2/84 HPs)
             Began as a Minotaur Chaos Knight on Aug 18, 2017.
             Slain by a two-headed ogre
             ... wielding a -2 giant club
              (17 damage)
             ... on level 9 of the Dungeon.
             The game lasted 00:12:20 (6899 turns).

wearedevo the Basher (Minotaur Chaos Knight)        Turns: 6899, Time: 00:12:21

Health: -2/84      AC: 17 (34%)Str: 19  XL:     10   Next: 29%
Magic:  9/9        EV: 11    Int:  9    God:    Xom [......]
Gold:   593        SH:  0    Dex: 16    Spells: 9/9 levels left

rFire    . . .     SeeInvis .   n - +5 quarterstaff (chaos)
rCold    . . .     Faith    .   (shield currently unavailable)
rNeg     . . .     Spirit   .   k - +0 chain mail
rPois    +         Reflect  .   (helmet restricted)
rElec    .         Clarity  +   o - +0 cloak
rCorr    .                      e - +0 pair of gloves
MR       .....                  K - +0 pair of boots
Stlth    ..........             (no amulet)
Regen    0.3/turn               t - +3 ring of protection
MPRegen  0.2/turn               B - +3 ring of evasion

@: no status effects
A: retaliatory headbutt, horns 2, agile, clarity, frail 1, poison resistance
a: Renounce Religion


You were on level 9 of the Dungeon.
You worshipped Xom.
You were a very special plaything of Xom.
You were not hungry.

You visited 1 branch of the dungeon, and saw 9 of its levels.

You collected 593 gold pieces.

Inventory:

Hand Weapons
 a - a +0 mace of chaos
 n - a +5 quarterstaff of chaos (weapon)
Missiles
 g - 285 bolts
 h - 2513 stones (quivered)
 i - 554 arrows
 m - 112 javelins
 x - 148 poisoned darts
 F - 67 tomahawks
Armour
 b - a +2 leather armour
 e - a +0 pair of gloves (worn)
 k - a +0 chain mail (worn)
 o - a +0 cloak (worn)
 K - a +0 pair of boots (worn)
Jewellery
 t - a +3 ring of protection (left hand)
 B - a +3 ring of evasion (right hand)
Wands
 s - a wand of flame (12)
 v - a wand of iceblast (9)
 y - a wand of scattershot (1)
Scrolls
 d - 2 scrolls of magic mapping
 f - 2 scrolls of enchant armour
 u - 4 scrolls of teleportation
 A - 4 scrolls of amnesia
 D - a scroll of fog
 L - a scroll of fear
Potions
 c - 2 potions of haste
 j - a potion of berserk rage
 l - a potion of brilliance
 p - 2 potions of resistance
 q - 4 potions of curing {@q1}
 r - a potion of mutation
 w - 2 potions of ambrosia
 z - a potion of magic
 C - a potion of might
 E - 2 potions of flight
 G - a potion of invisibility
 H - a potion of agility
 I - a potion of lignification
 J - 2 potions of cancellation


   Skills:
 + Level 10.4 Fighting
 * Level 14.0 Maces & Staves
 + Level 6.2 Armour
 - Level 1.1 Dodging


You had 9 spell levels left.
You didn't know any spells.

Dungeon Overview and Level Annotations

Branches:
Dungeon (9/15)

Altars:
Cheibriados
Dithmenos
Elyvilon
Gozag
Hepliaklqana
Kikubaaqudgha
Makhleb
Nemelex Xobeh
Okawaru
Qazlal
Ru
Sif Muna
Trog
Uskayaw
Vehumet
Xom
Yredelemnul
Zin
The Shining One

Annotations:
D:6 exclusion: door


Innate Abilities, Weirdness & Mutations

You reflexively headbutt those who attack you in melee.
You have a pair of horns on your head.
You are agile. (Dex +5)
You possess an exceptional clarity of mind.
You are frail. (-10% HP)
Your system is resistant to poisons. (rPois)


Message History

Aim: a two-headed ogre, wielding a -2 giant club and a +0 giant club (lightly wounded)
The puff of flame hits the two-headed ogre (3).
The two-headed ogre is lightly wounded.
This wand has 12 charges left.
The two-headed ogre is engulfed in a cloud of scalding steam (5).
The two-headed ogre hits you with a -2 giant club (8)!
The two-headed ogre hits you with a +0 giant club (16)!
* * * LOW HITPOINT WARNING * * *
The troll is engulfed in a cloud of scalding steam (2).
You take 23 damage, and have 15/84 hp.
MASSIVE DAMAGE!!
The two-headed ogre is engulfed in a cloud of scalding steam (5).
The troll is engulfed in a cloud of scalding steam (10).
You sock the two-headed ogre (10)!
There is a sudden explosion of sparks (13)!
You headbutt the two-headed ogre (7)!
The two-headed ogre is almost dead.
The two-headed ogre hits you but does no damage.
The two-headed ogre hits you with a +0 giant club (17)!
You die...
Xom giggles madly!

#######. .#.. .
....##.#...#.#
#....#.#..#..# #@#
....#.## ##O##
#......
###≈T§####T...#
#.'≈≈≈+.#....###...
#.#≈≈≈#....>.......
#.##+##...!.###..#
#.##......#.# .#
#...O....##.##..#
######.####....#


You could see a two-headed ogre and a troll.

Vanquished Creatures
  An ugly thing (D:9)
  Grinder (D:5)
  Prince Ribbit (D:6)
  4 yaks (D:9)
  2 wyverns
  Grum (D:8)
  Menkaure (D:5)
  A spiny frog zombie (D:7)
  3 orc warriors
  2 ice beasts
  2 ogres
  4 wolves (D:8)
  3 centaurs
  A phantom (D:6)
  2 water moccasin zombies (D:6)
  2 wyvern skeletons (D:8)
  3 scorpions
  3 crimson imps
  A wight (D:7)
  A bullfrog zombie (D:7)
  A centaur zombie (D:6)
  3 hounds
  3 jellies
  2 orc priests
  Crazy Yiuf (D:2)
  A centaur skeleton (D:6)
  5 orc wizards
  6 worker ants
  2 iguanas
  2 hound zombies
  A howler monkey skeleton (D:5)
  9 adders
  A shadow imp (D:5)
  2 oozes
  2 dart slugs
  32 orcs
  5 quokkas
  A ball python (D:1)
  10 bats
  2 giant cockroaches
  5 goblins
  5 hobgoblins
  12 jackals
  6 kobolds
  4 frilled lizards
  3 rats
165 creatures vanquished.

Vanquished Creatures (collateral kills)
  A crimson imp (D:5)
1 creature vanquished.

Vanquished Creatures (others)
  A yak (D:9)
1 creature vanquished.

Grand Total: 167 creatures vanquished

Notes
Turn   | Place    | Note
-------+----------+-------------------------------------------
     0 | D:1      | wearedevo the Minotaur Chaos Knight began the quest for the Orb.
     0 | D:1      | Reached XP level 1. HP: 19/19 MP: 0/0
    34 | D:1      | XOM: silly message
    43 | D:1      | Reached skill level 4 in Maces & Staves
    60 | D:1      | Reached XP level 2. HP: 27/27 MP: 1/1
   237 | D:1      | XOM: silly message
   462 | D:2      | Found a faded altar of an unknown god.
   499 | D:2      | Reached XP level 3. HP: 30/33 MP: 2/2
   516 | D:2      | XOM: divination: detect items
   777 | D:2      | Found a glowing silver altar of Zin.
   784 | D:2      | XOM: silly message
   952 | D:2      | Found a basalt altar of Yredelemnul.
   964 | D:2      | Reached skill level 5 in Maces & Staves
   999 | D:2      | Reached XP level 4. HP: 40/41 MP: 3/3
  1111 | D:2      | XOM: harmless Erth miscast
  1200 | D:2      | Found a shimmering altar of Xom.
  1225 | D:2      | Found a stormy altar of Qazlal.
  1351 | D:2      | Found a runed door.
  1355 | D:2      | Noticed Crazy Yiuf
  1358 | D:2      | Killed Crazy Yiuf
  1358 | D:2      | Reached skill level 5 in Fighting
  1418 | D:3      | Reached skill level 6 in Maces & Staves
  1418 | D:3      | Reached XP level 5. HP: 48/48 MP: 4/4
  1605 | D:3      | Found a radiant altar of Vehumet.
  1605 | D:3      | Found a hazy altar of Hepliaklqana.
  1622 | D:3      | Reached skill level 7 in Maces & Staves
  1622 | D:3      | Reached XP level 6. HP: 51/56 MP: 5/5
  1685 | D:3      | Found an iron altar of Okawaru.
  1777 | D:3      | Found a bloodstained altar of Trog.
  1869 | D:3      | XOM: scenery: create altars
  2171 | D:4      | Found an ancient bone altar of Kikubaaqudgha.
  2813 | D:4      | XOM: noise
  2820 | D:4      | Found a white marble altar of Elyvilon.
  2837 | D:5      | Entered Level 5 of the Dungeon
  2857 | D:5      | Noticed Menkaure
  2860 | D:5      | XOM: summons friendly white imp
  2885 | D:5      | Killed Menkaure
  2885 | D:5      | Reached skill level 8 in Maces & Staves
  2885 | D:5      | Reached XP level 7. HP: 36/63 MP: 6/6
  3064 | D:5      | XOM is BORED!
  3064 | D:5      | XOM: 2-stop teleportation journey
  3124 | D:5      | Noticed Grinder
  3127 | D:5      | Paralysed by Grinder for 3 turns
  3133 | D:5      | Killed Grinder
  3133 | D:5      | Reached skill level 9 in Maces & Staves
  3199 | D:5      | XOM: give mutation
  3199 | D:5      | Gained mutation: Your system is resistant to poisons. (rPois) [Xom's grace]
  3226 | D:5      | XOM: harmless Air miscast
  3414 | D:5      | Found a shadowy altar of Dithmenos.
  3425 | D:5      | XOM: medium Necr miscast
  3448 | D:5      | XOM: torment (27/66 hp)
  3452 | D:5      | XOM: 3-stop teleportation journey
  3660 | D:5      | Found a snail-covered altar of Cheibriados.
  3753 | D:5      | XOM is BORED!
  3753 | D:5      | XOM: give mutations
  3753 | D:5      | Gained mutation: You are dopey. (Int -5) [Xom's mischief]
  3753 | D:5      | Gained mutation: You are frail. (-10% HP) [Xom's mischief]
  3774 | D:5      | Reached XP level 8. HP: 65/65 MP: 7/7
  3987 | D:6      | Reached skill level 10 in Maces & Staves
  4025 | D:6      | Noticed Prince Ribbit
  4034 | D:6      | Killed Prince Ribbit
  4045 | D:6      | XOM: give mutations
  4045 | D:6      | Lost mutation: You are dopey. (Int -5) [Xom's grace]
  4045 | D:6      | Gained mutation: You possess an exceptional clarity of mind. [Xom's grace]
  4045 | D:6      | Gained mutation: You are agile. (Dex +5) [Xom's grace]
  4088 | D:6      | Reached skill level 11 in Maces & Staves
  4198 | D:6      | XOM: 2-stop teleportation journey
  4372 | D:6      | Found an opulent altar of Gozag.
  4617 | D:6      | Found a deep blue altar of Sif Muna.
  4641 | D:6      | XOM is BORED!
  4641 | D:6      | XOM: torment (36/69 hp)
  4868 | D:7      | Reached XP level 9. HP: 73/73 MP: 8/8
  4910 | D:7      | Reached skill level 12 in Maces & Staves
  4986 | D:7      | Found a glowing golden altar of the Shining One.
  4991 | D:7      | Found a sacrificial altar of Ru.
  4996 | D:7      | Found a burning altar of Makhleb.
  4996 | D:7      | Found a hide-covered altar of Uskayaw.
  4999 | D:7      | Found a sparkling altar of Nemelex Xobeh.
  5240 | D:7      | XOM: 7-stop teleportation journey
  5817 | D:8      | Noticed Grum
  5827 | D:8      | XOM: harmless Tmut miscast
  5833 | D:8      | XOM: medium Erth miscast
  5851 | D:8      | Killed Grum
  5851 | D:8      | Reached skill level 13 in Maces & Staves
  6115 | D:8      | Reached skill level 5 in Armour
  6254 | D:8      | Reached skill level 10 in Fighting
  6768 | D:9      | Noticed a red ugly thing
  6780 | D:9      | XOM: enchant monster (good)
  6783 | D:9      | Reached XP level 10. HP: 83/83 MP: 9/9
  6791 | D:9      | Killed a red ugly thing
  6801 | D:9      | XOM: noise
  6836 | D:9      | XOM: cast spell 'Dispersal'
  6849 | D:9      | Reached skill level 14 in Maces & Staves
  6865 | D:9      | XOM: noise
  6881 | D:9      | Noticed a two-headed ogre
  6899 | D:9      | Slain by a two-headed ogre

Skill      XL: |  1  2  3  4  5  6  7  8  9 10 |
---------------+-------------------------------+-----
Maces & Staves | 4 5 6 7 8 9 11 13 14 | 14.0
Fighting       | 4 5 6 7 8 10 | 10.4
Armour         | 5 6 |  6.2
Dodging        | |  1.1

Action                   |  1- 3 |  4- 6 |  7- 9 | 10-12 || total
-------------------------+-------+-------+-------+-------++-------
Melee: Mace              |    67 |    26 |       |       ||    93
       Headbutt          |     8 |     8 |    36 |    10 ||    62
       Quarterstaff      |       |    66 |   176 |    36 ||   278
Evoke: Wand              |       |       |     1 |     2 ||     3
  Use: Scroll            |       |     1 |       |       ||     1
 Stab: Distracted        |       |       |     1 |       ||     1
       Paralysed         |       |       |     2 |       ||     2
       Petrifying        |       |       |     1 |       ||     1
Armor: Leather armour    |    42 |    29 |    14 |       ||    85
       Chain mail        |       |       |    36 |    16 ||    52
Dodge: Dodged            |    73 |    50 |    80 |    14 ||   217
